 Dungeon Crawl Stone Soup version 0.32-a0-913-g739538afd8 (webtiles) character file.

Game seed: 14635304367924110406

1465729 NormalPerson7 the Conqueror (level 27, 320/320 (323) HPs)
             Began as an Oni Gladiator on Apr 9, 2024.
             Was a High Priest of Okawaru.
             Escaped with the Orb
             ... and 3 runes!
             The game lasted 06:18:32 (93005 turns).

NormalPerson7 the Conqueror (Oni Gladiator)        Turns: 93005, Time: 06:18:32

HP:   320/320 (323) AC: 18    Str: 29 (30) XL:     27
MP:   42/42         EV: 10    Int: 10      God:    Okawaru [*****.]
Gold: 1717          SH: 23    Dex: 21      Spells: 29/36 levels left

rFire   + + +        b - +9 eveningstar (heavy)
rCold   + + .        y - +3 tower shield of Macaroni {Will+ Dex+3}
rNeg    . . .        A - +6 gold dragon scales {Parghit}
rPois   +            K - +0 hat of the Okapi {rF++ rC+ Int-5}
rElec   +            n - +2 cloak of the Fae Lizard {rElec}
rCorr   .            (gloves unavailable)
SInv    +            (boots unavailable)
Will    +++..        k - amulet "Riceeguj" {Regen+ RegenMP+ Dex+4 Slay+3 Stlth-} Stlth
                     Z - ring of see invisible
HPRegen 1.53/turn    S - ring "Sifuecot" {MP+9 Int+4 Slay+4 Stlth+}
MPRegen 0.68/turn

%: no passive effects
@: corroded, studying 2 skills, lightly drained
A: large, unfitting armour, horns 1, tough skin 1, double potion healing,
drunken brawling, deformed body, deterioration 2, poison resistance
0: Orb of Zot
}: 3/15 runes: barnacled, slimy, gossamer
a: Renounce Religion, Heroism, Finesse, Duel


You escaped.
You worshipped Okawaru.
Okawaru was extremely pleased with you.
You visited 11 branches of the dungeon, and saw 52 of its levels.
You also visited: Bailey, Ice Cave and Volcano.

You collected 7477 gold pieces.
You spent 5760 gold pieces at shops.

Inventory:

Hand Weapons
 a - a +8 vampiric demon whip
 b - a +9 heavy eveningstar (weapon)
Missiles
 d - 8 throwing nets {!f}
 p - 85 large rocks (quivered)
 G - 9 curare-tipped darts
 L - 13 javelins
 Q - 10 silver javelins
 T - 14 atropa-tipped darts
Armour
 n - the +2 cloak of the Fae Lizard (worn) {rElec}
   (You found it on level 4 of the Spider Nest)

   rElec:     It insulates you from electricity.
 y - the +3 tower shield of Macaroni (worn) {Will+ Dex+3}
   (Okawaru gifted it to you on level 4 of the Spider Nest)

   Dex+3:     It affects your dexterity (+3).
   Will+:     It increases your willpower.
 A - +6 gold dragon scales (worn) {Parghit}
 K - the +0 hat of the Okapi (worn) {rF++ rC+ Int-5}
   (You acquired it on level 2 of the Depths)

   Int-5:     It affects your intelligence (-5).
   rF++:      It greatly protects you from fire.
   rC+:       It protects you from cold.
Jewellery
 i - the amulet of Afetoet {rC+ RegenMP+ Str+3}
   (You took it off a mummy priest on level 1 of the Elven Halls)

   [amulet of magic regeneration]

   It increases your rate of magic regeneration.
   Str+3:     It affects your strength (+3).
   rC+:       It protects you from cold.
   RegenMP+:  It increases your rate of magic regeneration.
 k - the amulet "Riceeguj" (around neck) {Regen+ RegenMP+ Dex+4 Slay+3 Stlth-}
   (You took it off a deep elf high priest on level 3 of the Elven Halls)

   [amulet of magic regeneration]

   It increases your rate of magic regeneration.
   Dex+4:     It affects your dexterity (+4).
   Slay+3:    It affects your accuracy & damage with ranged weapons and melee
   (+3).
   Regen+:    It increases your rate of health regeneration.
   Stlth-:    It makes you less stealthy.
   RegenMP+:  It increases your rate of magic regeneration.
 E - a +5 ring of evasion
 P - a +6 ring of intelligence
 R - a ring of resist corrosion
 S - the ring "Sifuecot" (right hand) {MP+9 Int+4 Slay+4 Stlth+}
   (You bought it in a shop on level 2 of the Vaults)

   [ring of slaying]

   Int+4:     It affects your intelligence (+4).
   Slay+4:    It affects your accuracy & damage with ranged weapons and melee
   (+4).
   MP+9:      It affects your magic capacity (+9).
   Stlth+:    It makes you more stealthy.
 Y - the ring "Ograb" {rN+ MP+9 Dex+2}
   (You found it on level 5 of the Pits of Slime)

   [ring of magical power]

   Dex+2:     It affects your dexterity (+2).
   rN+:       It protects you from negative energy.
   MP+9:      It affects your magic capacity (+9).
 Z - a ring of see invisible (left hand)
Wands
 j - a wand of warping (14)
 l - a wand of mindburst (31)
 D - a wand of quicksilver (37)
 J - a wand of polymorph (40)
 M - a wand of digging (17)
Scrolls
 e - 4 scrolls of fear
 o - 4 scrolls of fog
 r - 2 scrolls of silence
 t - 22 scrolls of teleportation
 w - 8 scrolls of poison
 x - 2 scrolls of blinking
 I - a scroll of revelation
 O - 8 scrolls of vulnerability
 V - 4 scrolls of immolation
Potions
 c - 5 potions of cancellation
 f - 6 potions of haste
 g - 9 potions of berserk rage
 h - 10 potions of heal wounds
 m - 9 potions of might
 q - 10 potions of curing
 s - 4 potions of resistance
 u - 6 potions of invisibility
 z - 4 potions of magic
 B - 5 potions of lignification
 C - a potion of ambrosia
 H - 9 potions of mutation
 N - 2 potions of enlightenment
Miscellaneous
 U - a tin of tremorstones (2/2)
 W - a lightning rod (4/4)
 X - a Gell's gravitambourine (2/2)


   Skills:
 O Level 27 Fighting
 - Level 15.5(16.0) Maces & Flails
 - Level 6.0(11.7) Staves
 - Level 22.0 Throwing
 - Level 18.0 Armour
 + Level 15.0 Dodging
 + Level 15.0 Shields
 - Level 5.0 Spellcasting
 - Level 8.0 Translocations
 - Level 8.0 Air Magic
 - Level 14.0 Invocations
 - Level 10.0 Evocations


You had 29 spell levels left.
You knew the following spells:

 Your Spells              Type           Power      Damage    Failure   Level
a - Swiftness             Air            18%        N/A       56%         3
v - Vhi's Electric Charg  Tloc/Air       36%        N/A       93%         4

Your spell library contained the following spells:

 Spells                   Type           Power      Damage    Failure   Level
 Teleport Other           Tloc           18%        N/A       56%         3
 Shock                    Conj/Air       40%        1d5       77%         1
 Momentum Strike          Conj/Tloc      20%        3d8       88%         2
 Static Discharge         Conj/Air       20%        3-4/arc   88%         2
 Airstrike                Air            9%         2d(2-18)  93%         4
 Cigotuvi's Dreadful Rot  Necr/Alch/Air  14%        N/A       97%         2
 Volatile Blastmotes      Fire/Tloc      20%        2d11      98%         3
 Kiss of Death            Conj/Necr      8%         2d6       99%         1
 Magic Dart               Conj           8%         1d3       99%         1
 Sandblast                Erth           4%         2d4       99%         1
 Slow                     Hex            8%         N/A       99%         1
 Mephitic Cloud           Conj/Alch/Air  7%         N/A       99%         3
 Scorch                   Fire           4%         2d5       100%        2
 Searing Ray              Conj           4%         2d4       100%        2
 Sublimation of Blood     Necr           2%         N/A       100%        2
 Confusing Touch          Hex            2%         N/A       100%        3
 Dazzling Flash           Conj/Hex       4%         N/A       100%        3
 Hailstorm                Conj/Ice       2%         3d5       100%        3
 Inner Flame              Hex/Fire       2%         N/A       100%        3
 Passwall                 Erth           2%         N/A       100%        3
 Stone Arrow              Conj/Erth      4%         3d7       100%        3
 Vampiric Draining        Necr           2%         2d6       100%        3
 Brom's Barrelling Bould  Conj/Erth      2%         2d3       100%        4
 Cause Fear               Hex            1%         N/A       100%        4
 Dimensional Bullseye     Hex/Tloc       5%         N/A       100%        4
 Dispel Undead            Necr           2%         3d7       100%        4
 Flame Wave               Conj/Fire      2%         2d4       100%        4
 Fulminant Prism          Conj/Alch      1%         3d5       100%        4
 Ignite Poison            Fire/Alch      2%         N/A       100%        4
 Iskenderun's Mystic Bla Conj/Tloc 10%            2d4        (+2d2     100%        4
 Olgreb's Toxic Radiance  Alch           2%         N/A       100%        4
 Sticky Flame             Fire/Alch      2%         2d4       100%        4
 Curse of Agony           Necr           2%         N/A       100%        5
 Freezing Cloud           Conj/Ice/Air   3%         6-21      100%        5
 Irradiate                Conj/Alch      1%         3d12      100%        5
 Iskenderun's Battlesphe  Conj           2%         2d6       100%        5
 Silence                  Hex/Air        5%         N/A       100%        5
 Bombard                  Conj/Erth      1%         9d1       100%        6
 Dispersal                Tloc           9%         N/A       100%        6
 Gell's Gavotte           Tloc           9%         2d(15-22) 100%        6
 Permafrost Eruption      Ice/Erth       1%         2x4d1     100%        6
 Starburst                Conj/Fire      1%         6d3       100%        6
 Ozocubu's Refrigeration  Ice            1%         4d7       100%        7
 Discord                  Hex            1%         N/A       100%        8
 Ignition                 Fire           1%         3d3       100%        8
 Maxwell's Capacitive Co  Air            9%         ∞         100%        8
 Call Imp                 Summ           Unusable   N/A       N/A         2
 Call Canine Familiar     Summ           Unusable   N/A       N/A         3
 Summon Ice Beast         Ice/Summ       Unusable   N/A       N/A         3
 Martyr's Knell           Necr/Summ      Unusable   N/A       N/A         4
 Summon Lightning Spire   Summ/Air       Unusable   N/A       N/A         4
 Sculpt Simulacrum        Ice/Alch       Unusable   N/A       N/A         6
 Summon Cactus Giant      Summ           Unusable   N/A       N/A         6
 Summon Hydra             Summ           Unusable   N/A       N/A         7

Dungeon Overview and Level Annotations

Branches:
Dungeon (15/15)            Temple (1/1) D:6            Lair (5/5) D:11
 Shoals (4/4) Lair:3       Spider (4/4) Lair:3        Slime (5/5) Lair:4
    Orc (2/2) D:10            Elf (3/3) Orc:2        Vaults (4/5) D:14
  Crypt (0/3) Vaults:2     Depths (4/4) D:15            Zot (5/5) Depths:4
 Bailey (visited)           IceCv (visited)         Volcano (visited)

Altars:
Ashenzari
Cheibriados
Dithmenos
Elyvilon
Fedhas
Gozag
Hepliaklqana
Kikubaaqudgha
Makhleb
Nemelex Xobeh
Okawaru
Qazlal
Ru
Sif Muna
Trog
Uskayaw
Vehumet
Wu Jian
Xom
Yredelemnul
Zin
The Shining One
Beogh
Jiyva

Shops:
D:5 [   D:10 [   D:11 (   Orc:2 *(((   Elf:1 (   Elf:2 ?   Elf:3 *   Shoals:1 *
Vaults:2 =   Depths:1 ((!(   Depths:3 *   Depths:4 :***

Portals:
Hell: Depths:1 Depths:2 Depths:3 Depths:4
Abyss: Depths:3
Pandemonium: Depths:1 Depths:2 Depths:3 Depths:4
Ziggurat: Depths:1

Annotations:
D:3 Grinder, Terence
D:4 3 runed translucent doors, exclusions: 3 doors and upstairs, WhiterunGuard03's ghost, novice SpHu
D:6 3 runed translucent doors, exclusion: 3 doors, Ananasrisotto's ghost, novice OpCK
D:13 exclusion: obsidian statue
Lair:2 exclusion: scrub nettle
Lair:3 exclusion: 7 oklob plants
Shoals:3 3 runed translucent doors, exclusion: 3 doors, Fyde's ghost, adept TeAE
Elf:1 Zenata
Vaults:3 1 transporter, exclusion: downstairs
Depths:1 2 transporters, Etzesk's ghost, veteran TeGl
Depths:3 3 runed translucent doors, exclusion: 3 doors, Sias's ghost, adept TeSh


Innate Abilities, Weirdness & Mutations

You are too large for most types of armour.
You have a pair of small horns on your head.
You have tough skin. (AC +1)
You gain doubled healing and magic from potions.
Whenever you drink a healing potion, you attack all around you.
Armour fits poorly on your strangely shaped body.
Your body often deteriorates upon taking damage.
Your system is resistant to poisons. (rPois)


Message History

You climb upwards.
Level annotation: 3 runed translucent doors, exclusions: 3 doors and upstairs, WhiterunGuard03's ghost, novice SpHu
There is a stone staircase leading down, spattered with blood here.
(D) Dungeon (T) Temple (L) Lair (A) Shoals (N) Spider Nest (M) Slime Pits (O) Orcish Mines (E) Elven Halls (V) Vaults (C) Crypt (U) Depths (H) Hell (Z) Zot
Where to? (Tab/Enter - D:1 @ (x,y), ? - help)
Things that are here:
a +0 club; an orc skeleton
Items here: )) [ ÷÷.
There is a stone staircase leading up here.
You climb upwards.
Level annotation: Grinder, Terence
There is a stone staircase leading down here.
Things that are here:
a +0 club; an orc skeleton; a hobgoblin skeleton
There is a stone staircase leading up here.
You climb upwards.
There is a stone staircase leading down here.
There is a stone staircase leading up here.
You climb upwards.
There is a stone staircase leading down here.
There is an open door, spattered with blood here.
A demonspawn corrupter and a shadow demon come into view.
The demonspawn corrupter is wielding a +1 demon blade of venom.
You block the demonspawn corrupter's attack. x2
The shadow demon hits you!
The demonspawn corrupter attacks as it pursues you!
You block the demonspawn corrupter's attack.
The demonspawn corrupter misses you.
The demonspawn corrupter calls forth creatures from the Elven Halls!
The demonspawn corrupter calls down the wrath of Lugonu upon you.
The entropic weave corrodes you!
There is an open door here.
The demonspawn corrupter mumbles some strange prayers to Lugonu against you.
The entropic weave corrodes you!
There is an open door here.
There is a staircase leading out of the dungeon here.
You have escaped!

###....####.####2...#####.#.####.
#...###...###..6###...###...# #.
..##..###.....###..##..###.## #.
##.###.####.####.###.##.##..## #.
###########.###############..# #.
'...'....'..2'.2..'...'...#..# #.
#...##'###...###6##÷..###'##.###.
##'##....##'##....##'##....#.##..
#...#.÷..#...#..@.#...#..÷.#.##.#
#...#..).#...#....#...#....#.##.#
#...######...######...######.#..#
..).....)....................#.##
.........>...................).#
.###.....###########.###########
.# #.....................#
.###.............#.......###
...#............)#.........#


You could see a demonspawn corrupter and a shadow demon.

Vanquished Creatures
  the Royal Jelly (Slime:5)
  2 dread liches (Zot:5)
  6 ancient liches
  6 orbs of fire
  Mara (Shoals:4)
  2 Killer Klowns (Zot:5)
  Parghit (Zot:4)
  Bai Suzhen (Shoals:4)
  A curse toe (Zot:5)
  4 golden dragons
  Jory (Depths:2)
  Norris (Elf:1)
  Arachne (Spider:2)
  A Brimstone Fiend (Depths:3)
  A Tzitzimitl (D:9)
  2 doom hounds
  3 electric golems
  20 tentacled monstrosities
  A Hell Sentinel (Depths:2)
  Asterion (Spider:4)
  3 deep elf blademasters (Elf:3)
  26 Orb Guardians
  A titan (Depths:4)
  Grunn (Depths:4)
  9 quicksilver dragons
  7 sphinxes
  3 deep elf master archers (Elf:3)
  10 death cobs
  17 acid blobs
  4 tentacled starspawn (Zot:3)
  3 tengu reavers
  8 shadow dragons
  2 revenants (Zot:3)
  Kirke (D:14)
  Donald (Spider:1)
  9 protean progenitors
  5 rockslimes
  10 storm dragons
  3 fire giants (Depths:1)
  Aizul (Elf:3)
  2 draconian monks (Zot:4)
  9 azure jellies
  4 draconian knights
  7 deep elf sorcerers (Elf:3)
  7 emperor scorpions
  11 ghost moths
  An iron dragon (Depths:3)
  6 frost giants
  4 balrugs
  5 caustic shrike zombies (Zot:3)
  11 vault wardens
  2 deep elf elementalists (Elf:3)
  Louise (Elf:3)
  5 draconian shifters
  6 draconian stormcallers
  2 reapers (IceCv)
  4 draconian scorchers
  3 cacodemons (Depths:3)
  A draconian annihilator (Zot:3)
  3 orc warlords
  25 very ugly things
  15 quicksilver oozes
  4 formless jellyfish
  An angel (D:9)
  20 ironbound preservers
  2 spriggan defenders (Depths:4)
  5 ironbound thunderhulks
  4 broodmothers
  11 deep elf demonologists
  6 vampire knights
  11 stone giants
  5 deep elf death magi
  7 green draconians
  9 black draconians
  9 purple draconians
  A war gargoyle (Vaults:4)
  11 red draconians
  2 spark wasps
  9 deep elf annihilators (Elf:3)
  3 lorocyprocas (Zot:3)
  10 white draconians
  9 yellow draconians
  18 dire elephants
  15 eidola (Depths:2)
  2 crystal guardians (Vaults:3)
  9 ettins
  A mummy priest (Elf:1)
  A merfolk javelineer (Shoals:4)
  A blizzard demon (Depths:4)
  A green death (Depths:3)
  9 fire dragons
  A jiangshi (Vaults:2)
  11 yaktaur captains
  7 merfolk impalers
  7 deep elf high priests (Elf:3)
  9 entropy weavers
  3 spriggan air magi (Depths:3)
  Harold (D:9)
  7 hydras
  7 great orbs of eyes
  A jorogumo (Spider:4)
  3 rakshasas
  12 ice dragons
  A vault guard (Vaults:2)
  2 peacekeepers
  4 radroaches
  12 centaur warriors
  12 ironbound frosthearts
  4 catoblepae
  7 alligator snapping turtles
  2 spriggan skeletons (Depths:1)
  2 caustic shrike simulacra (IceCv)
  2 two-headed ogres (D:12)
  29 dancing weapons
  5 merfolk avatars
  3 anacondas (Zot:3)
  2 satyrs (Shoals:3)
  6 deep troll shamans
  4 boulder beetles
  3 merfolk aquamancers
  7 death yaks
  15 demonic crawlers
  Urug (D:11)
  5 tengu warriors
  4 orc high priests
  6 spriggan berserkers
  Nergalle (D:11)
  8 deep elf knights
  2 goliath frogs (Depths:4)
  8 shadow wraiths (Depths:2)
  3 sun demons
  5 skeletal warriors
  3 skysharks
  15 hell knights
  2 shadow demons (Elf:1)
  3 iron trolls (Depths:1)
  3 deep elf archers
  9 pharaoh ants
  3 flayed ghosts (Depths:2)
  9 sea snakes
  A glowing orange brain (shapeshifter) (Zot:3)
  4 glowing orange brains
  A mana viper (shapeshifter) (Depths:2)
  54 deep trolls
  A bog body (IceCv)
  8 orb spiders
  A sun moth (Spider:4)
  8 steelbarb worms
  4 phantasmal warriors
  5 arcanists
  18 lindwurms
  16 ironbound convokers
  12 orc knights
  10 thermic dynamos
  27 deep elf pyromancers
  An orange crystal statue (Zot:5)
  Pikel (D:4)
  2 obsidian statues (IceCv)
  7 necromancers
  2 orc sorcerers
  13 harpies
  40 ugly things
  19 deep elf zephyrmancers
  A shadow dragon skeleton (Depths:1)
  30 wolf spiders
  15 manticores
  7 shining eyes
  A wolf spider (shapeshifter) (Depths:1)
  12 cyclopes
  25 moths of wrath
  28 fauns
  2 will-o-the-wisps (Zot:3)
  Maurice (D:8)
  11 merfolk sirens
  6 meliai
  2 black mambas (shapeshifter)
  A fire giant skeleton (Vaults:4)
  2 torpor snails
  A guardian serpent (shapeshifter) (Depths:4)
  2 molten gargoyles (Volcano)
  3 water nymphs
  An elephant (D:11)
  2 kobold blastminers (Orc:2)
  2 smoke demons
  5 eyes of devastation
  A black mamba (Lair:2)
  15 cane toads
  17 vault sentinels
  3 unseen horrors
  4 gargoyles
  6 komodo dragons
  4 kobold demonologists
  An ice devil (IceCv)
  2 rime drakes
  6 freezing wraiths (IceCv)
  2 tormentors
  3 tengu conjurers
  38 yaktaurs
  Psyche (D:11)
  2 red devils
  An anaconda simulacrum (IceCv)
  7 trolls
  A golden dragon simulacrum (IceCv)
  A wind drake (Shoals:3)
  3 polar bears
  26 merfolk
  33 tarantellas
  39 jumping spiders
  Prince Ribbit (D:5)
  18 blink frogs
  2 glass eyes
  6 hornets
  A dream sheep (shapeshifter) (Zot:3)
  7 snapping turtles
  A centaur simulacrum (D:14)
  6 dream sheep
  Sigmund (D:4)
  5 spriggans
  21 culicivoras
  2 shadows
  8 wraiths
  5 wyverns
  107 slime creatures
  An unseen horror simulacrum (D:9)
  2 vampires (D:12)
  83 yaks
  2 fire bats (Volcano)
  7 water elementals
  4 hogs (D:14)
  3 fire elementals
  15 vampire mosquitoes
  A steam dragon (D:8)
  3 golden eyes (Slime:4)
  3 basilisks
  5 wargs
  88 redbacks
  A human zombie (Vaults:4)
  A harpy simulacrum (IceCv)
  3 acid dragons
  An ogre zombie (Vaults:4)
  3 hell hounds
  42 orc warriors
  11 water moccasins
  2 laughing skulls (D:14)
  An ice beast (D:5)
  A sky beast (D:8)
  7 boggarts
  3 black bears
  2 ogres (Orc:1)
  17 wolves
  15 centaurs
  12 kobold brigands
  A lemure (D:4)
  9 bullfrogs
  4 gnoll sergeants
  2 earth elementals
  3 scorpions (D:6)
  2 deep troll simulacra (IceCv)
  4 wights
  14 jellies
  6 killer bees
  6 howler monkeys
  7 electric eels
  6 lava snakes (Volcano)
  2 crimson imps (D:13)
  2 hounds
  A bombardier beetle (D:4)
  15 orc priests
  A gnoll bouda (D:8)
  An iron imp (D:13)
  A sleepcap (D:7)
  Jessica (D:3)
  Ijyb (D:4)
  17 orc wizards
  4 iguanas
  25 gnolls
  5 adders
  2 white imps (D:13)
  A dart slug (D:2)
  3 ribbon worms
  88 orcs
  6 endoplasms
  7 goblins
  3 hobgoblins
  3 jackals (D:3)
  36 kobolds
  6 ball pythons
  4 bats
  A frilled lizard (D:2)
  A rat (D:2)
  A butterfly (Zot:3)
  2 tentacles (Shoals:2)
2257 creatures vanquished.

Vanquished Creatures (others)
  Ilsuiw (Shoals:4)
  2 draconian knights
  A pharaoh ant (Spider:3)
  A glowing orange brain (shapeshifter) (Zot:3)
  A deep elf zephyrmancer (Elf:1)
  A yaktaur (Vaults:1)
  A tengu conjurer (D:12)
  A yak (D:12)
  A boggart (Vaults:1)
  An orc (Orc:2)
  11 foxfires (Zot:3)
  9 starspawn tentacles (Zot:3)
  13 tentacles (Shoals:2)
44 creatures vanquished.

Grand Total: 2301 creatures vanquished

Notes
Turn   | Place    | Note
-------+----------+-------------------------------------------
     0 | D:1      | NormalPerson7 the Oni Gladiator began the quest for the
                  | Orb.
     0 | D:1      | Reached XP level 1. HP: 22/22 MP: 1/1
   160 | D:1      | Reached skill level 3 in Fighting
  1102 | D:2      | Reached XP level 2. HP: 31/31 MP: 2/2
  2326 | D:2      | Reached XP level 3. HP: 32/37 MP: 3/3
  2800 | D:3      | Noticed Jessica
  2806 | D:3      | Killed Jessica
  2807 | D:3      | Reached skill level 4 in Fighting
  2807 | D:3      | Reached XP level 4. HP: 49/49 MP: 4/4
  3041 | D:3      | Noticed Terence
  3818 | D:3      | Reached skill level 5 in Fighting
  3918 | D:3      | Noticed Grinder
  3989 | D:4      | Noticed Sigmund
  3992 | D:4      | Killed Sigmund
  3993 | D:4      | Reached skill level 6 in Fighting
  3993 | D:4      | Reached XP level 5. HP: 59/59 MP: 5/5
  3993 | D:4      | Reached XP level 6. HP: 67/67 MP: 6/6
  4120 | D:4      | Reached skill level 5 in Staves
  4442 | D:4      | Noticed Ijyb
  4451 | D:4      | Killed Ijyb
  4820 | D:4      | Found a shadowy altar of Dithmenos.
  4879 | D:4      | Noticed Pikel
  4906 | D:4      | Killed Pikel
  4907 | D:4      | Reached skill level 8 in Fighting
  4907 | D:4      | Reached XP level 7. HP: 44/80 MP: 7/7
  5033 | D:4      | Found a runed translucent gate.
  5036 | D:4      | Found a runed translucent gate.
  5037 | D:4      | Found a runed translucent gate.
  5039 | D:4      | Noticed WhiterunGuard03's ghost (novice SpHu)
  5273 | D:4      | Found a burning altar of Makhleb.
  5449 | D:5      | Entered Level 5 of the Dungeon
  5449 | D:5      | Found Figimn's Armour Shoppe.
  5631 | D:5      | Noticed Prince Ribbit
  5674 | D:5      | Killed Prince Ribbit
  5675 | D:5      | Reached skill level 9 in Fighting
  5675 | D:5      | Reached XP level 8. HP: 61/92 MP: 8/8
  6845 | D:5      | Bought a +2 robe of willpower for 177 gold pieces
  7037 | D:5      | Reached skill level 10 in Fighting
  7472 | D:6      | Found a staircase to the Ecumenical Temple.
  7491 | Temple   | Entered the Ecumenical Temple
  7503 | Temple   | Became a worshipper of Warmaster Okawaru
  7626 | D:6      | You fall into a shaft and drop 2 floors!
  7669 | D:8      | Reached skill level 1 in Evocations
  7850 | D:7      | Reached skill level 5 in Throwing
  7994 | D:6      | Found a runed translucent gate.
  7994 | D:6      | Found a runed translucent gate.
  7994 | D:6      | Found an opulent altar of Gozag.
  7995 | D:6      | Found a runed translucent gate.
  7996 | D:6      | Noticed Ananasrisotto's ghost (novice OpCK)
  7996 | D:6      | Noticed a two-headed ogre
  7997 | D:6      | Noticed a komodo dragon
  8211 | D:6      | Reached * piety under Okawaru
  8212 | D:6      | Reached XP level 9. HP: 94/101 MP: 9/9
  8338 | D:6      | Reached skill level 1 in Invocations
  8434 | D:6      | Found a basalt altar of Yredelemnul.
  8877 | D:6      | Reached skill level 1 in Maces & Flails
  9586 | D:8      | Noticed Maurice
  9606 | D:8      | Maurice stole a maw talisman
  9608 | D:8      | Maurice stole 16 stones
  9609 | D:8      | Killed Maurice
  9609 | D:8      | Reached ** piety under Okawaru
  9610 | D:8      | Reached skill level 5 in Maces & Flails
 10157 | D:8      | Reached XP level 10. HP: 62/110 MP: 12/12
 10420 | D:8      | Found a stormy altar of Qazlal.
 10874 | D:9      | Reached *** piety under Okawaru
 11170 | D:9      | Noticed Harold
 11185 | D:9      | Killed Harold
 11186 | D:9      | Reached skill level 11 in Fighting
 11532 | D:9      | Noticed a deep elf pyromancer
 11537 | D:9      | Killed a deep elf pyromancer
 11538 | D:9      | Reached skill level 12 in Fighting
 11572 | D:9      | Noticed a deep elf pyromancer
 11582 | D:9      | Killed a deep elf pyromancer
 11582 | D:9      | Reached **** piety under Okawaru
 11583 | D:9      | Reached skill level 5 in Invocations
 12153 | D:10     | Entered Level 10 of the Dungeon
 12209 | D:10     | Reached XP level 11. HP: 111/123 MP: 12/16
 12243 | D:10     | Found a snail-covered altar of Cheibriados.
 12245 | D:10     | Found Cheibriados's Comfort Zone.
 12305 | D:10     | Found a hide-covered altar of Uskayaw.
 12415 | D:10     | Reached skill level 5 in Dodging
 12447 | D:10     | Found a flagged portal.
 12651 | Bailey   | Entered a bailey
 13664 | D:10     | Found a roughly hewn altar of Beogh.
 13664 | D:10     | Found a staircase to the Orcish Mines.
 14511 | D:11     | Found a staircase to the Lair.
 14525 | Lair:1   | Entered Level 1 of the Lair of Beasts
 15052 | D:11     | Identified the +7 trident of Prudence {protect, rF+++ Str-3
                  | Int+5 Dex-2}
 15326 | D:10     | Reached skill level 10 in Maces & Flails
 15407 | D:11     | Found Gainiq's Weapon Boutique.
 15565 | D:11     | Noticed Urug
 15645 | D:11     | Killed Urug
 15646 | D:11     | Reached XP level 12. HP: 107/132 MP: 9/17
 15753 | D:11     | Identified the +0 helmet "Pausym" {Int+8}
 16741 | Lair:1   | Reached skill level 13 in Fighting
 17063 | Lair:2   | Reached ***** piety under Okawaru
 17138 | Lair:2   | Paralysed by a hornet for 1 turns
 17147 | Lair:2   | Reached skill level 14 in Fighting
 17502 | Lair:2   | Reached skill level 15 in Fighting
 17505 | Lair:2   | HP: 27/141 [poisoned by a water moccasin]
 17510 | Lair:2   | HP: 24/141 [poisoned by a water moccasin]
 18227 | Lair:2   | Received a gift from Okawaru
 18265 | Lair:2   | Reached skill level 10 in Throwing
 18905 | Lair:2   | Reached XP level 13. HP: 122/149 MP: 18/18
 19735 | Lair:3   | Found a blossoming altar of Fedhas.
 20078 | Lair:3   | Received a gift from Okawaru
 20111 | Lair:3   | Found a dark tunnel.
 20296 | Volcano  | Entered a volcano
 20637 | Volcano  | Found a burning altar of Makhleb.
 21178 | Lair:3   | Reached skill level 1 in Shields
 21578 | Lair:3   | Found a staircase to the Shoals.
 22011 | Lair:3   | Found a hole to the Spider Nest.
 22813 | Lair:3   | Reached skill level 5 in Shields
 23007 | Lair:4   | Found a staircase to the Slime Pits.
 23007 | Lair:4   | Found a viscous altar of Jiyva.
 23641 | Lair:4   | Received a gift from Okawaru
 24166 | Lair:5   | Entered Level 5 of the Lair of Beasts
 24230 | Lair:5   | Reached XP level 14. HP: 148/159 MP: 19/19
 25226 | Lair:5   | Received a gift from Okawaru
 25989 | Lair:5   | Reached skill level 1 in Armour
 26758 | Orc:1    | Entered Level 1 of the Orcish Mines
 26789 | Orc:2    | Entered Level 2 of the Orcish Mines
 27012 | Orc:2    | Reached skill level 5 in Armour
 27286 | Orc:2    | Found a staircase to the Elven Halls.
 28870 | Orc:1    | Reached skill level 16 in Fighting
 30042 | Orc:2    | Found Puxax's Weapon Boutique.
 30042 | Orc:2    | Found Loqunuq's Antique Weapon Shoppe.
 30044 | Orc:2    | Found Kead's Assorted Antiques.
 30046 | Orc:2    | Found Ovemopp's Weapon Shop.
 30053 | Orc:2    | Bought a scroll of identify for 62 gold pieces
 30053 | Orc:2    | Bought a potion of haste for 310 gold pieces
 30059 | Orc:2    | Bought a throwing net for 48 gold pieces
 30328 | D:11     | Noticed Psyche
 30406 | D:11     | Killed Psyche
 30430 | D:11     | Reached skill level 17 in Fighting
 30740 | D:11     | Noticed Nergalle
 30752 | D:11     | Killed Nergalle
 31627 | D:12     | Reached XP level 15. HP: 149/156 MP: 17/20
 31896 | D:12     | Received a gift from Okawaru
 33609 | D:13     | Received a gift from Okawaru
 34523 | D:13     | Reached skill level 18 in Fighting
 35464 | D:14     | Noticed Kirke
 35482 | D:14     | Killed Kirke
 35820 | D:14     | Received a gift from Okawaru
 36248 | D:14     | Found a gate to the Vaults.
 36327 | D:15     | Entered Level 15 of the Dungeon
 36334 | D:15     | Found a radiant altar of Vehumet.
 37643 | D:14     | Reached XP level 16. HP: 174/185 MP: 22/22
 38074 | D:15     | Found a staircase to the Depths.
 38464 | Spider:1 | Entered Level 1 of the Spider Nest
 38747 | Lair:3   | HP: 27/185 [oklob plant/splash of acid (20)]
 39046 | Lair:3   | Reached skill level 10 in Shields
 39248 | Shoals:1 | Entered Level 1 of the Shoals
 39283 | Shoals:1 | Found Qol Muy's Gadget Gallery.
 39536 | Shoals:1 | Bought a Gell's gravitambourine (2/2) for 440 gold pieces
 39536 | Shoals:1 | Bought a tin of tremorstones (2/2) for 440 gold pieces
 39536 | Shoals:1 | Bought a lightning rod (4/4) for 440 gold pieces
 40440 | Shoals:2 | Received a gift from Okawaru
 41623 | Shoals:2 | Reached skill level 5 in Evocations
 41730 | Shoals:2 | Identified the amulet of Autotheism {rElec rC- Regen+ Str+2
                  | Dex+3}
 41743 | Shoals:2 | Reached XP level 17. HP: 193/193 MP: 23/23
 42729 | Shoals:2 | Noticed a kraken
 43611 | Shoals:3 | Received a gift from Okawaru
 43951 | Shoals:3 | Found a glacial archway.
 43959 | Shoals:3 | Reached skill level 10 in Invocations
 44010 | IceCv    | Entered an ice cave
 45756 | Shoals:3 | Reached skill level 15 in Maces & Flails
 45794 | Shoals:3 | Found a runed translucent gate.
 45794 | Shoals:3 | Found a runed translucent gate.
 45795 | Shoals:3 | Found a runed translucent gate.
 45796 | Shoals:3 | Noticed Fyde's ghost (adept TeAE)
 46185 | Shoals:3 | Reached XP level 18. HP: 171/204 MP: 26/26
 46484 | Shoals:4 | Entered Level 4 of the Shoals
 46970 | Shoals:3 | Received a gift from Okawaru
 47777 | Shoals:4 | Noticed Ilsuiw
 47861 | Shoals:4 | Killed Ilsuiw
 48127 | Shoals:3 | Reached skill level 19 in Fighting
 48300 | Arena    | Entered the Arena
 48609 | Shoals:4 | Got a barnacled rune of Zot
 48957 | Shoals:4 | Noticed Mara
 48983 | Shoals:4 | Killed Mara
 48984 | Shoals:4 | Reached skill level 20 in Fighting
 49015 | Shoals:4 | Identified the +4 morningstar of Gozag's Supremacy
                  | {protect, rElec rC+ Str+3 Dex-3}
 49339 | Shoals:4 | Noticed Bai Suzhen
 49357 | Shoals:4 | Killed Bai Suzhen
 49815 | Vaults:1 | Entered Level 1 of the Vaults
 50649 | Vaults:1 | Received a gift from Okawaru
 50678 | Vaults:1 | Identified the +7 short sword of Xom's Grace {pain, rN++
                  | Will+ Str+3 Dex-5}
 50961 | Arena    | Entered the Arena
 52205 | Vaults:1 | Reached XP level 19. HP: 178/219 MP: 27/27
 52278 | Vaults:2 | Found Siduwk's Jewellery Boutique.
 52304 | Vaults:2 | HP: 36/219 [yaktaur/bolt[a vault warden] (31)]
 52908 | Arena    | Entered the Arena
 53416 | Vaults:2 | Paralysed by a formless jellyfish for 1 turns
 53484 | Vaults:2 | Got the Compilation of Rocky Support
 53765 | Vaults:2 | Reached skill level 21 in Fighting
 53769 | Vaults:2 | Received a gift from Okawaru
 54256 | Vaults:2 | Found a staircase to the Crypt.
 54498 | Vaults:2 | Reached skill level 22 in Fighting
 54699 | Vaults:2 | Noticed an ancient lich
 54988 | D:10     | Bought the +3 hat of Pondering {ponderous, Will+ MP+10
                  | Int+5} for 419 gold pieces
 54988 | D:10     | Found the +3 hat of Pondering {ponderous, Will+ MP+10
                  | Int+5}
 55055 | Elf:1    | Entered Level 1 of the Elven Halls
 55191 | Elf:1    | Received a gift from Okawaru
 55391 | Elf:1    | Noticed Norris
 55400 | Elf:1    | Killed Norris
 55651 | Elf:1    | Found Hedeut's Antique Weapon Emporium.
 56112 | Elf:1    | Noticed Zenata
 56196 | Elf:1    | Identified the amulet of Afetoet {rC+ RegenMP+ Str+3}
 56345 | Elf:1    | Found a shimmering blue altar of Sif Muna.
 56352 | Elf:1    | Paralysed by an air elemental for 1 turns
 56355 | Elf:1    | Paralysed by an air elemental for 1 turns
 56660 | Elf:2    | Received a gift from Okawaru
 56730 | Elf:2    | Found Ovvan's Magic Scroll Boutique.
 56739 | Elf:2    | Bought a scroll of fear for 60 gold pieces
 56739 | Elf:2    | Bought a scroll of enchant armour for 112 gold pieces
 56739 | Elf:2    | Bought a scroll of revelation for 112 gold pieces
 56739 | Elf:2    | Bought a scroll of teleportation for 45 gold pieces
 56802 | Elf:2    | Reached XP level 20. HP: 236/236 MP: 29/29
 57273 | Elf:2    | Found a runed translucent gate.
 57273 | Elf:2    | Found a runed translucent gate.
 57275 | Elf:2    | Found a runed translucent gate.
 57376 | Elf:3    | Entered Level 3 of the Elven Halls
 57697 | Elf:3    | Noticed Louise
 57700 | Elf:3    | Killed Louise
 57701 | Elf:3    | Reached skill level 15 in Throwing
 57847 | Elf:3    | Found Vaupnast's Assorted Antiques.
 57933 | Elf:3    | Bought a potion of might for 128 gold pieces
 58202 | Elf:3    | Identified the serpent talisman "Rym Jatt" {rF+ rC+ rN++
                  | Str-2}
 58202 | Elf:3    | Noticed Aizul
 58214 | Elf:3    | Killed Aizul
 58220 | Elf:3    | HP: 47/236 [poisoned by Aizul (poison arrow)]
 58225 | Elf:3    | HP: 47/236 [poisoned by Aizul (poison arrow)]
 58380 | Elf:3    | Identified the +3 leather armour "Taxaid" {Fly rC+}
 58874 | Elf:3    | Received a gift from Okawaru
 58875 | Elf:3    | Identified the staff of Guilt {MP+9 Str-4 Int+4 Conj}
 59013 | Elf:3    | Identified the +9 orcbow of the Purse {flame, rElec rPois
                  | rF- MP+9}
 59193 | Elf:2    | Found a shimmering blue altar of Sif Muna.
 59277 | Elf:3    | Identified the +3 hand axe of Fugium {venom, rC+ Dex+4}
 59277 | Elf:3    | Identified the amulet of Juur {rF++ RegenMP+ Str+4 Int-4}
 59291 | Arena    | Entered the Arena
 59520 | Elf:3    | Reached skill level 10 in Dodging
 59569 | Elf:3    | Identified the +2 broad axe "Vemax" {pain, Str+2}
 59801 | Elf:3    | Identified the amulet "Riceeguj" {Regen+ RegenMP+ Dex+4
                  | Slay+3 Stlth-}
 60135 | Elf:3    | Identified the +2 pair of gloves of Relativism {MP+9
                  | Stlth+}
 60139 | Elf:3    | Got Ommitur's Vellum of Impulse
 60275 | Elf:3    | Identified the dragon-blood talisman of the Elven Halls
                  | {rC+ rN+}
 60954 | Elf:2    | Received a gift from Okawaru
 61784 | Spider:1 | Reached skill level 1 in Spellcasting
 61843 | Spider:1 | Reached XP level 21. HP: 245/245 MP: 30/30
 61991 | Spider:1 | Received a gift from Okawaru
 62129 | Spider:1 | Noticed Donald
 62144 | Spider:1 | Killed Donald
 62201 | Spider:1 | Identified the +9 flail "Adyeffiz" {chaos, rCorr Int+7}
 62249 | Spider:1 | Reached skill level 5 in Spellcasting
 62610 | Spider:1 | Reached skill level 1 in Air Magic
 62663 | Spider:2 | Reached skill level 1 in Translocations
 63469 | Spider:2 | Received a gift from Okawaru
 63471 | Spider:2 | Noticed Arachne
 63488 | Spider:2 | Killed Arachne
 64913 | Spider:3 | Reached skill level 5 in Air Magic
 64916 | Spider:3 | Reached skill level 5 in Translocations
 64960 | Spider:3 | Received a gift from Okawaru
 65376 | Spider:3 | Learned a level 3 spell: Swiftness
 65461 | Spider:4 | Entered Level 4 of the Spider Nest
 65474 | Spider:4 | Noticed Asterion
 65946 | Spider:4 | Learned a level 4 spell: Vhi's Electric Charge
 66226 | Spider:4 | Reached ****** piety under Okawaru
 66227 | Spider:4 | Acquired the +3 tower shield of Macaroni {Will+ Dex+3}
 66227 | Spider:4 | Received a gift from Okawaru
 66228 | Spider:4 | Acquired a +4 vampiric demon whip
 66228 | Spider:4 | Received a gift from Okawaru
 66307 | Spider:4 | Received a gift from Okawaru
 66442 | Spider:4 | Got a gossamer rune of Zot
 66456 | Spider:4 | Identified the +0 hat of Oblivion {+Blink rPois}
 66621 | Spider:4 | Reached XP level 22. HP: 200/254 MP: 31/31
 66845 | Spider:4 | Killed Asterion
 66942 | Spider:4 | Identified the +2 cloak of the Fae Lizard {rElec}
 67055 | Spider:4 | Received a gift from Okawaru
 68300 | Vaults:2 | Killed an ancient lich
 68465 | Vaults:3 | Reached skill level 15 in Shields
 68489 | Vaults:3 | Found a white marble altar of Elyvilon.
 68962 | Vaults:3 | Received a gift from Okawaru
 69758 | Vaults:3 | Received a gift from Okawaru
 69827 | Vaults:3 | Found a transporter.
 69828 | Vaults:3 | Found a radiant altar of Vehumet.
 70223 | Vaults:4 | Identified the +6 short sword of the First Xeniums {flame,
                  | Int+4 Stlth+}
 70703 | Vaults:4 | Received a gift from Okawaru
 70728 | Vaults:4 | Reached XP level 23. HP: 263/263 MP: 32/32
 70733 | Vaults:4 | Reached skill level 15 in Dodging
 71877 | Depths:1 | Entered Level 1 of the Depths
 71976 | Depths:1 | Received a gift from Okawaru
 72018 | Depths:1 | Found a gateway to Hell.
 72052 | Depths:1 | Found Ices's Antique Weapon Shoppe.
 72055 | Depths:1 | Found Tuogi's Distillery.
 72055 | Depths:1 | Found Oxosidd's Weapon Shoppe.
 72163 | Depths:1 | Found Luonk's Antique Weapon Emporium.
 72170 | Depths:1 | Bought a potion of might for 92 gold pieces
 72170 | Depths:1 | Bought a potion of heal wounds for 115 gold pieces
 72170 | Depths:1 | Bought a potion of enlightenment for 115 gold pieces
 72170 | Depths:1 | Bought a potion of invisibility for 184 gold pieces
 72170 | Depths:1 | Bought a potion of heal wounds for 115 gold pieces
 72227 | Depths:1 | Found a one-way gateway to a ziggurat.
 72507 | Depths:1 | Found a one-way gate leading to the halls of Pandemonium.
 72575 | Depths:1 | Received a gift from Okawaru
 72610 | Depths:1 | Found a white marble altar of Elyvilon.
 72707 | Depths:1 | Found a transporter.
 72707 | Depths:1 | Noticed Etzesk's ghost (veteran TeGl)
 72708 | Depths:1 | Found a transporter.
 72710 | Depths:1 | Identified the +7 giant spiked club "Pyneogy" {freeze,
                  | Will- Str+8 Int-2 Stlth+}
 73162 | Depths:1 | Reached skill level 23 in Fighting
 73506 | Depths:2 | Identified a scroll of acquirement
 73541 | Depths:2 | Received a gift from Okawaru
 73640 | Depths:2 | Found a sacrificial altar of Ru.
 73950 | Depths:2 | Reached XP level 24. HP: 279/280 MP: 33/33
 73976 | Depths:2 | Reached skill level 24 in Fighting
 74635 | Depths:2 | Noticed Jory
 74651 | Depths:2 | Killed Jory
 74843 | Depths:3 | Found a runed translucent gate.
 74843 | Depths:3 | Noticed Sias's ghost (adept TeSh)
 74849 | Depths:3 | Found a runed translucent gate.
 74873 | Depths:3 | Found a runed translucent gate.
 75066 | Depths:3 | Received a gift from Okawaru
 75078 | Depths:3 | Found a shadowy altar of Dithmenos.
 75481 | Depths:3 | Found Owut's Assorted Antiques.
 75543 | Depths:3 | Found a one-way gate to the infinite horrors of the Abyss.
 76003 | Depths:3 | Gained mutation: Your body sometimes deteriorates upon
                  | taking damage. [a cacodemon]
 76142 | Depths:3 | Reached skill level 10 in Armour
 76194 | Depths:3 | Found a burning altar of Makhleb.
 76199 | Depths:3 | Found the +6 shillelagh "Devastator" {shatter}
 76208 | Depths:3 | Got the Vellum of Obstruction and Incandescence
 76213 | Depths:3 | Identified the +7 short sword of a Labyrinth {freeze,
                  | Int+2}
 76410 | Depths:4 | Entered Level 4 of the Depths
 76891 | Depths:4 | Received a gift from Okawaru
 76957 | Depths:4 | Found Joacit's Assorted Antiques.
 76962 | Depths:4 | Found Buagouw's Assorted Antiques.
 76963 | Depths:4 | Bought a potion of resistance for 290 gold pieces
 76963 | Depths:4 | Bought a scroll of immolation for 116 gold pieces
 76972 | Depths:4 | Bought a potion of cancellation for 392 gold pieces
 76972 | Depths:4 | Bought a potion of might for 196 gold pieces
 76972 | Depths:4 | Bought a potion of might for 196 gold pieces
 77289 | Depths:4 | Found a gate to the Realm of Zot.
 77563 | Depths:4 | Found Kuvvo's General Store.
 77568 | Depths:4 | Bought a potion of heal wounds for 60 gold pieces
 77605 | Depths:4 | Identified the +0 chain mail of the Sun {rElec Int-3 Dex+4}
 78107 | Depths:4 | Found Supuy's Book Boutique.
 78205 | Depths:4 | Acquired the +0 hat of the Okapi {rF++ rC+ Int-5}
 78448 | Vaults:2 | Bought the ring "Sifuecot" {MP+9 Int+4 Slay+4 Stlth+} for
                  | 1096 gold pieces
 78819 | Slime:1  | Entered Level 1 of the Pits of Slime
 78831 | Slime:1  | Received a gift from Okawaru
 79072 | Slime:1  | Reached XP level 25. HP: 272/291 MP: 33/33
 79106 | Slime:3  | Paralysed by a formless jellyfish for 1 turns
 79113 | Slime:2  | Paralysed by a formless jellyfish for 1 turns
 79433 | Slime:4  | Gained mutation: Your system is resistant to poisons.
                  | (rPois) [a shining eye]
 79649 | Slime:4  | Gained mutation: Your body often deteriorates upon taking
                  | damage. [a shining eye]
 80171 | Slime:5  | Entered Level 5 of the Pits of Slime
 80183 | Slime:4  | Received a gift from Okawaru
 80224 | Slime:5  | Reached skill level 25 in Fighting
 81023 | Slime:5  | Noticed the Royal Jelly
 81679 | Slime:5  | Killed the Royal Jelly
 82131 | Slime:5  | Identified the +6 scale mail of the Dungeon {*Corrode
                  | Int+5}
 82139 | Slime:5  | Identified the +5 chain mail "Pyurogg" {Dex+5}
 82141 | Slime:5  | Identified the +1 helmet of Baldness {Str+3 Slay+4}
 82142 | Slime:5  | Identified the staff of the Fae God {rElec rN+ Will- Int+3
                  | Necro}
 82248 | Slime:5  | Identified the staff of Ahaysiup {rElec rF+ Str+3 Fire Ice}
 82249 | Slime:5  | Identified the +0 scale mail "Inavysoc" {Int+5 Dex-3}
 82329 | Slime:5  | Identified the ring "Ograb" {rN+ MP+9 Dex+2}
 82354 | Slime:5  | Identified the +11 plate armour "Xariyhem" {Dex+4}
 82407 | Slime:5  | Got a slimy rune of Zot
 82408 | Slime:5  | Identified the staff of Ohaip {rN+ Str+4 Int+4 Necro}
 82506 | Slime:5  | Acquired a +5 ring of evasion
 82833 | Zot:1    | Entered Level 1 of the Realm of Zot
 82980 | Zot:1    | Noticed Grunn
 83490 | Arena    | Entered the Arena
 84159 | Depths:4 | Received a gift from Okawaru
 84566 | Depths:4 | Killed Grunn
 85705 | Arena    | Entered the Arena
 86923 | Zot:1    | Reached XP level 26. HP: 228/264 MP: 33/33
 86963 | Zot:1    | Received a gift from Okawaru
 86964 | Zot:1    | Reached skill level 15 in Armour
 87159 | Zot:2    | Identified the +5 dagger "Javyo" {drain, *Slow Str-4 Dex+6}
 87227 | Zot:2    | Noticed an orb of fire
 87442 | Zot:2    | Killed an orb of fire
 87733 | Zot:2    | Reached skill level 26 in Fighting
 88635 | Zot:3    | Reached skill level 27 in Fighting
 88657 | Zot:3    | Received a gift from Okawaru
 89434 | Zot:3    | Received a gift from Okawaru
 89637 | Zot:4    | Noticed Parghit
 89645 | Zot:4    | Killed Parghit
 89695 | Zot:4    | Identified the +9 bardiche of Midwinter {freeze, Stlth+}
 90543 | Zot:5    | Entered Level 5 of the Realm of Zot
 90673 | Zot:5    | Reached XP level 27. HP: 323/323 MP: 33/33
 90836 | Zot:5    | Received a gift from Okawaru
 91271 | Zot:5    | Noticed an ancient lich
 91286 | Zot:5    | Killed an ancient lich
 91287 | Zot:5    | Noticed an ancient lich
 91293 | Zot:5    | Killed an ancient lich
 91293 | Zot:5    | Noticed an orb of fire
 91300 | Zot:5    | Killed an orb of fire
 91327 | Zot:5    | Noticed an orb of fire
 91334 | Zot:5    | Noticed an ancient lich
 91342 | Zot:5    | Killed an orb of fire
 91343 | Zot:5    | Reached skill level 10 in Evocations
 91344 | Zot:5    | Noticed an orb of fire
 91362 | Zot:5    | Gained mutation: Armour fits poorly on your strangely
                  | shaped body. [an orb of fire]
 91363 | Zot:5    | Killed an orb of fire
 91374 | Zot:5    | Killed an ancient lich
 91374 | Zot:5    | Received a gift from Okawaru
 91439 | Zot:5    | Noticed a dread lich
 91448 | Zot:5    | Paralysed by a dread lich for 4 turns
 91453 | Zot:5    | Killed a dread lich
 91489 | Zot:5    | Noticed an ancient lich
 91493 | Zot:5    | Killed an ancient lich
 91513 | Zot:5    | Noticed an orb of fire
 91517 | Zot:5    | Killed an orb of fire
 91820 | Zot:5    | Identified the +2 pair of boots of Lethargy {Rampage rN+
                  | MP+9 Int+3}
 91881 | Zot:5    | Noticed an ancient lich
 91881 | Zot:5    | Noticed a dread lich
 91888 | Zot:5    | Killed a dread lich
 91899 | Zot:5    | Killed an ancient lich
 91904 | Zot:5    | Received a gift from Okawaru
 91947 | Zot:5    | Identified the storm talisman of the Demon Prince {rF-
                  | Dex+4 SInv Stlth+}
 92380 | Zot:5    | Got the Orb of Zot
 92423 | Zot:5    | Noticed an orb of fire
 92440 | Zot:5    | Killed an orb of fire
 93005 | D:$      | Escaped with the Orb!

Illustrated notes

Levels and vault maps discovered:
D:1:      arrival_zaba_pyramid, layout_basic
D:2:      layout_basic
D:3:      layout_basic, nicolae_concentric_dashed_squares_mild, uniq_grinder,
          uniq_terence, uniq_jessica
D:4:      layout_loops_ring, marbit_many_paths, general_overflow_altar,
          gammafunk_ghost_necromancy, nicolae_the_louvre, uniq_pikel, uniq_ijyb,
          uniq_sigmund
D:5:      layout_cave_pods, serial_shops, nicolae_shop_pleasant_corner_grove,
          uniq_prince_ribbit1
D:6:      old_forge, layout_loops_ring, mainiacjoe_overflow_24_doors,
          minmay_temple_entry_statues_fountains, ebering_ghost_gozag
D:7:      layout_rooms, minmay_misc_feat_pillars
D:8:      layout_gridville, minmay_ruined_shrine, uniq_maurice
D:9:      minmay_bloctagon_deflated, layout_basic, hangedman_decor_growths,
          uniq_harold
D:10:     layout_loops_ring, lemuel_doored_altar, david_orc_5, enter_bailey_5,
          minmay_shop_chei
D:11:     layout_basic, david_lair_generic, serial_shops, shop, uniq_nergalle,
          uniq_psyche, uniq_urug
D:12:     nzn_winding_woodlands_three_and_one [nzn_winding_woodlands_5x15_eye,
          nzn_winding_woodlands_5x15_crooked,
          nzn_winding_woodlands_5x15_sidewinder,
          nzn_winding_woodlands_center_garden], layout_basic
D:13:     kennysheep_kobold_grotto, layout_basic
D:14:     layout_irregular_city, david_vaults_4, minmay_strange_pillars,
          uniq_kirke
D:15:     grunt_enter_depths_snipers, layout_stronghold, old_standard_altar
Temple:   nicolae_temple_two_arcs
Lair:1:   layout_roguey, serial_bayou_crossing
Lair:2:   layout_hall_layers, evilmike_ambush [evilmike_ambush_outer_pillars,
          evilmike_ambush_inner_basic], serial_bayou_shore_b, grunt_megastairs_1
Lair:3:   minmay_lair_oklob_chamber, layout_loops_ring,
          nicolae_shoals_entry_roost, spider_nest_entry_rubble, enter_volcano_3,
          basic_altar, dpeg_oklob_1, serial_bayou_shore_a, serial_bayou_shore_b
Lair:4:   layout_gridlike, minmay_slime_entry_jelly_boxes
Lair:5:   evilmike_catoblepas_cave, layout_cave_pods, infiniplex_staircase_pool
Shoals:1: layout_shoals, nicolae_shop_gadgets
Shoals:2: layout_shoals
Shoals:3: layout_shoals, gammafunk_ghost_tricky_traps,
          portal_ice_cave_entry_pillars_2
Shoals:4: shoals_end_hangedman, layout_shoals, shoals_ilsuiw_ice,
          uniq_bai_suzhen, uniq_mara, uniq_polyphemus
Spider:1: layout_spider_delve, hangedman_spider_tarantella_strand, uniq_donald
Spider:2: layout_chambers, uniq_arachne
Spider:3: layout_spider_delve
Spider:4: grunt_spider_rune_circles, nicolae_crawler_farm, uniq_asterion
Slime:1:  layout_caves, cheibrodos_slime_lost_civilization_4
Slime:2:  layout_caves
Slime:3:  layout_caves
Slime:4:  nicolae_slime_infinislime, layout_caves,
          nicolae_slime_getting_an_eyeful
Slime:5:  slime_pit_nicolae_inversion
Orc:1:    layout_diamond_mine
Orc:2:    st_orc_rangers, layout_diamond_mine, nicolae_orc_rockfall,
          nicolae_orc_minecarts
Elf:1:    eino_elf_arrival_customs, layout_geoelf_diagonals, serial_shops,
          nicolae_shop_advertising_works [nicolae_subvault_shop_adworks],
          nicolae_elf_crossing_hall, hangedman_summoners_spam, uniq_zenata,
          uniq_norris
Elf:2:    nicolae_elf_blades_splatter_lattice [grunt_blade_entry_basic],
          layout_geoelf_diagonals, serial_shops, shop, lemuel_upstairs_altar
Elf:3:    nooodl_elf_gasket, layout_onion_city, serial_shops,
          nicolae_shop_crystal, uniq_aizul, uniq_louise
Vaults:1: nicolae_vaults_tetromino_T_1, hangedman_vaults_nodes,
          ontoclasm_vaults_bender, nicolae_vaults_closet_pinwheel_2,
          vaults_room_fours, nicolae_vaults_diagonal_hallway_8, v_misc_27,
          layout_vaults_omnigrid
Vaults:2: nicolae_vaults_sightless_eye, ontoclasm_vaults_fault,
          nicolae_vaults_windows_and_doors_thing, grunt_vaults_bifocal,
          vaults_dpeg_doors, nicolae_vaults_shrinking_rooms_2,
          ontoclasm_vaults_shout, nicolae_vaults_closet_pinwheel_4,
          minmay_crypt_entry_simple_round, v_pattern_5, vaults_dpeg_hooks,
          layout_vaults_omnibox, serial_shops, nicolae_shop_gaudy_bauble
Vaults:3: grunt_vaults_twisty, gammafunk_sealed_library,
          ontoclasm_vaults_ligature, nicolae_vaults_apartment_1, v_rooms_6,
          nicolae_vaults_wine_cellar, nicolae_vaults_more_shelving_1,
          vaults_room_fours, nicolae_vaults_turnstiles,
          nicolae_vaults_variable_pillar_hall, nicolae_vaults_gold_heap,
          lemuel_angel_altar, ontoclasm_vaults_pinch, nicolae_vaults_diamond_1,
          nicolae_vaults_apartment_2, layout_vaults_omnicross
Vaults:4: nicolae_vaults_more_shelving_2, nicolae_vaults_two_Ls,
          nicolae_vaults_closet_pinwheel_4, nicolae_vaults_closet_pinwheel_1,
          vaults_room_stairs_pillars, v_misc_3, nicolae_vaults_border_crossing,
          v_alt_pattern_3, vaults_room_door_ring, v_misc_33,
          nicolae_vaults_variable_pillar_hall, nicolae_vaults_apartment_2,
          nicolae_vaults_storage_room_statues, layout_vaults_ring
Depths:1: layout_gridville, enter_ziggurat_e, pan_entry, moated_statue,
          hell_entry, gammafunk_ghost_smash, st_stairs_2,
          nicolae_elyvilon_temple_path, minmay_shoptagon, firewood_loft
Depths:2: due_jory_tower, layout_cave_pools, hell_entry,
          nicolae_ru_path_of_blood, pan_entry
Depths:3: evilmike_makhleb_hellhole, layout_gridville, serial_shops,
          nicolae_shop_temple_entry_statues_fountains, grunt_dithmenos_smoke,
          hellmonk_ghost_time_enough, lightli_too_deep, rand_demon_pan_entry_9,
          hangedman_abyss_entry_splay
Depths:4: grunt_crosshair, layout_gridville, serial_shops,
          nicolae_shop_rolling_square, nicolae_shop_tiny_statue_garden,
          nicolae_shop_gibbet_a_chance, shop, pf_coc_iceberg,
          rand_demon_pan_entry_1, grunt_megastairs_2,
          infiniplex_staircase_pool_lava
Zot:1:    layout_gridville, regret_index_zotdec_stipple_waver, uniq_grunn
Zot:2:    kennysheep_bubbly, layout_basic
Zot:3:    hangedman_orp_of_zott, layout_cellular_growth
Zot:4:    nicolae_moth_party, layout_misc_corridors, hangedman_zot_gyre,
          grunt_ministairs_14, bh_zot_levy_curve, uniq_parghit
Zot:5:    layout_misc_corridors

Skill      XL: |  1  2  3  4  5  6  7  8  9 10 11 12 13 14 15 16 17 18 19 20 21 22 23 24 25 26 27 |
---------------+----------------------------------------------------------------------------------+-----
Fighting       | 3 4 6 8 9 10 12 15 17 18 20 22 23 24 25 27 | 27.0
Staves         | 4 6 |  6.0
Throwing       | 3 4 6 9 10 11 12 13 14 16 18 20 22 | 22.0
Dodging        | 3 5 6 9 11 14 15 | 15.0
Evocations     | 2 3 5 6 7 10 | 10.0
Invocations    | 3 6 7 9 11 13 14 | 14.0
Maces & Flails | 7 9 10 11 13 14 15 | 15.5
Shields        | 7 9 11 13 14 15 | 15.0
Armour         | 5 13 14 15 18 | 18.0
Spellcasting   | 2 5 |  5.0
Air Magic      | 7 8 |  8.0
Translocations | 7 8 |  8.0

Action                     |  1- 3 |  4- 6 |  7- 9 | 10-12 | 13-15 | 16-18 | 19-21 | 22-24 | 25-27 || total
---------------------------+-------+-------+-------+-------+-------+-------+-------+-------+-------++-------
  Melee: Quarterstaff      |    34 |   115 |   135 |       |       |       |       |       |       ||   284
         Headbutt          |     5 |    15 |    42 |   125 |   284 |   286 |   213 |   815 |   773 ||  2558
         Dire flail        |       |       |    65 |   635 |    93 |       |       |       |       ||   793
         Eveningstar       |       |       |       |       |   981 |   871 |   924 |    60 |   214 ||  3050
         Trident           |       |       |       |       |    68 |       |       |       |       ||    68
         Demon whip        |       |       |       |       |       |       |       |  1976 |  1561 ||  3537
  Throw: Stone             |    13 |       |       |       |       |       |       |       |       ||    13
         Dart              |    13 |     6 |     7 |       |    11 |     1 |       |       |       ||    38
         Large rock        |     4 |     2 |     3 |     3 |    50 |   171 |   324 |   101 |   175 ||   833
         Throwing net      |       |     4 |     1 |     1 |       |       |       |     1 |     3 ||    10
         Boomerang         |       |     1 |    37 |    24 |    20 |    23 |       |       |       ||   105
         Javelin           |       |       |       |    28 |    29 |    11 |    43 |    26 |    30 ||   167
 Invoke: Heroism           |       |       |     1 |    14 |    14 |     2 |     1 |     3 |     4 ||    39
         Finesse           |       |       |       |     1 |     2 |     7 |     2 |     5 |    11 ||    28
         Duel              |       |       |       |       |       |     2 |     2 |       |     2 ||     6
         Receive Weapon    |       |       |       |       |       |       |     1 |       |       ||     1
         Receive Armour    |       |       |       |       |       |       |     1 |       |       ||     1
  Evoke: Wand              |       |     3 |     6 |     9 |    26 |    15 |    13 |     2 |     6 ||    80
         Lightning rod     |       |       |       |       |       |     6 |     6 |       |       ||    12
         Tin of tremorston |       |       |       |       |       |     3 |     3 |     2 |       ||     8
         Gell's gravitambo |       |       |       |       |       |     2 |     4 |     2 |     1 ||     9
    Use: Scroll            |     4 |     1 |     9 |     3 |    13 |    25 |    16 |     6 |    18 ||    95
         Potion            |       |     2 |       |     3 |     1 |     8 |    11 |       |    10 ||    35
   Stab: Held in net/web   |       |     1 |     1 |     5 |       |       |       |       |     4 ||    11
         Sleeping          |       |       |       |     4 |     2 |       |       |       |       ||     6
         Invisible         |       |       |       |     1 |       |     2 |       |       |       ||     3
         Distracted        |       |       |       |       |       |       |       |       |     1 ||     1
 Armour: Robe              |    13 |    87 |   165 |   332 |   752 |   653 |   923 |   628 |       ||  3553
         Ice dragon scales |       |       |       |       |       |       |       |    44 |   514 ||   558
         Gold dragon scale |       |       |       |       |       |       |       |       |   649 ||   649
  Dodge: Dodged            |    13 |    31 |    97 |   233 |   510 |   479 |   513 |   495 |   432 ||  2803
  Block: Kite shield       |       |       |       |       |   503 |   526 |   738 |       |       ||  1767
         Tower shield      |       |       |       |       |       |       |    68 |  1772 |  1689 ||  3529

Table legend: (Time is in decaauts)
 A = Elapsed time spent in this place.
 B = Non-inter-level travel time spent in this place.
 C = Inter-level travel time spent in this place.
 D = Time resting spent in this place.
 E = Time spent auto-exploring this place.
 F = Levels seen in this place.
 G = Mean time per level.
                   A        B        C        D        E       F      G
               +--------+--------+--------+--------+--------+-----+--------+
         Total |  92989 |  80580 |  12409 |  29113 |  21802 |  61 | 1524.4 |
       Dungeon |  25424 |  20496 |   4928 |   7474 |   5588 |  15 | 1694.9 |
        Temple |     21 |     13 |      8 |      0 |      0 |   1 |   21.0 |
          Lair |  11669 |  10259 |   1410 |   5134 |   2864 |   5 | 2333.8 |
        Shoals |   9114 |   8503 |    611 |   4640 |   1652 |   4 | 2278.5 |
   Spider Nest |   5959 |   5579 |    380 |   1101 |   2037 |   4 | 1489.8 |
    Slime Pits |   3606 |   2907 |    699 |    625 |    431 |   5 |  721.2 |
  Orcish Mines |   3639 |   3426 |    213 |   1842 |    720 |   2 | 1819.5 |
   Elven Halls |   7770 |   6215 |   1555 |   1820 |   1970 |   3 | 2590.0 |
        Vaults |   8370 |   7613 |    757 |   1824 |   3156 |   4 | 2092.5 |
        Depths |   7973 |   6842 |   1131 |   1879 |   1630 |   4 | 1993.2 |
           Zot |   6721 |   6009 |    712 |   1474 |   1754 |   5 | 1344.2 |
        Bailey |    662 |    662 |      0 |    269 |      0 |   1 |  662.0 |
      Ice Cave |   1102 |   1102 |      0 |    633 |      0 |   1 | 1102.0 |
       Volcano |    819 |    819 |      0 |    322 |      0 |   1 |  819.0 |
         Arena |    134 |    134 |      0 |     70 |      0 |   6 |   22.3 |
               +--------+--------+--------+--------+--------+-----+--------+

Top non-repeatable levels by time:
  Lair:3: 4016 daAuts
Shoals:2: 3032 daAuts
Depths:4: 2985 daAuts
   Elf:3: 2952 daAuts
Vaults:1: 2853 daAuts
   Elf:2: 2758 daAuts
Shoals:3: 2601 daAuts
  Lair:2: 2563 daAuts
   Orc:2: 2519 daAuts
    D:12: 2477 daAuts
    D:15: 2457 daAuts
  Lair:5: 2454 daAuts
    D:11: 2388 daAuts
Vaults:2: 2302 daAuts
    D:14: 2244 daAuts
